[Event "Ramat Gan Masters-A Winter 2023"]
[Site "Ramat Gan/ISR"]
[Date "2023.02.13"]
[Round "4.4"]
[White "Sobel, Ido"]
[Black "Noy, Eyal"]
[Result "0-1"]
[Annotator "TA"]
[ECO "B23"]
[WhiteElo "1871"]
[BlackElo "2117"]
[PlyCount "122"]
[EventDate "2023.01.17"]
[EventType "swiss"]
[SourceTitle "playchess.com"]
[Source "ChessBase"]
[SourceQuality "1"]
[TimeControl "5400+30"]

1. e4 c5 2. Nc3 Nc6 3. f4 g6 4. Nf3 Bg7 5. Bb5 Nd4 6. O-O e6 7. d3 {[%emt 0:00:15] B23: Closed Sicilian: Lines without g3.} Ne7 (7... a6 $5 8. Bc4 b5 $11) 8. Rb1 {[%emt 0:18:32] [#]} (8. e5 $11 {remains equal.}) 8... a6 $146 (8... Qb6 $1 $17 9. a4 a6) ({Predecessor:} 8... O-O 9. Be3 a6 10. Ba4 d5 11. Bxd4 cxd4 12. Ne2 b5 13. Bb3 dxe4 14. dxe4 Bb7 {0-1 Bagaglia,R (1773)-Seletsky,G (2297) Florence op 6th 2012 (1)}) 9. Ba4 $15 {[%emt 0:01:27] Black is slightly better.} b5 10. Bb3 d5 11. a3 Nxb3 12. cxb3 d4 13. Ne2 O-O 14. Bd2 Bb7 15. Qe1 c4 16. bxc4 bxc4 17. Nc1 Qb6 {[%emt 0:05:00] Strongly threatening ...c3.} 18. Bb4 Rfe8 19. Bxe7 (19. Ne5 {looks sharper.} cxd3 20. Ncxd3 Nc6 21. Bc5) 19... Rxe7 20. Nd2 cxd3 {[%emt 0:00:37] Black has more active pieces.} 21. Nxd3 a5 22. Rc1 (22. e5 $142) 22... Ba6 $17 23. Qg3 e5 24. fxe5 $2 {[%emt 0:00:00] [#] This costs White the game.} (24. Nc4 $17 Bxc4 25. Rxc4) 24... Bh6 $1 $19 25. Rc2 $2 (25. Rfd1 Be3+ 26. Nf2) 25... Be3+ {[%emt 0:00:36] This pair of bishops is nice.} 26. Nf2 Bxf1 27. Nxf1 d3 {[%emt 0:02:43] Inhibits Re2.} 28. Rc3 Qxb2 29. Rxd3 Bxf2+ 30. Qxf2 Qxf2+ (30... Qxe5 $2 {loses.} 31. Nd2 $19) 31. Kxf2 Rxe5 {[%emt 0:00:12][%mdl 4096] Endgame KRR-KRN} 32. Rd4 Rc8 33. Ne3 Rce8 34. Ng4 R5e6 ({Much less strong is} 34... Rxe4 35. Rxe4 Rc8 36. Ne3 $18) 35. Kf3 Kg7 36. Ra4 h5 37. Nf2 Re5 38. h3 f5 39. g4 fxe4+ 40. Nxe4 Rb8 41. h4 hxg4+ 42. Kxg4 Rd8 {[%emt 0:00:39] Prevents Rd4} 43. Ng5 Rc8 {[%emt 0:01:01] ...Rc1 would be deadly.} 44. Ne4 (44. Rd4 {keeps fighting.}) 44... Rd5 45. Ng5 Rc3 46. Ne6+ Kf6 47. Ng5 {[%emt 0:01:03] aiming for Ne4+.} Rb3 48. Rf4+ Rf5 49. Ra4 Rb1 50. Ne4+ $2 (50. Rc4 Rg1+ 51. Kh3) 50... Kg7 51. Ng3 Rg1 52. Rc4 Rb5 {[%emt 0:00:20] Hoping for ...Rb3.} 53. Rc3 {[%emt 0:00:54] Repels Rb3} a4 {[%emt 0:00:27] ...Rb3 is the strong threat.} 54. Kf4 Rb3 55. Rc7+ Kh6 56. Ne4 Rh3 ({And not} 56... Rxa3 57. Ng5 Rf1+ 58. Kg4 Rg1+ 59. Kf4 Rf1+ 60. Kg4 Rg1+ 61. Kf4 $11) 57. Nf6 (57. Ra7 $142) 57... Rxh4+ {[%emt 0:00:23] Black is clearly winning.} 58. Ke5 Re1+ 59. Kd5 Rf4 60. Ng8+ Kg5 61. Ne7 Rf7 {[%emt 0:00:11] Weighted Error Value: White=0.65/Black=0.26 (precise)} 0-1

[Event "Ramat Gan Masters-A Winter 2023"]
[Site "Ramat Gan/ISR"]
[Date "2023.02.13"]
[Round "4.6"]
[White "Gurevich, Neria"]
[Black "Meirovich, Ilay"]
[Result "1-0"]
[Annotator "TA"]
[ECO "E11"]
[WhiteElo "1543"]
[BlackElo "1979"]
[PlyCount "63"]
[EventDate "2023.01.17"]
[EventType "swiss"]
[SourceTitle "playchess.com"]
[Source "ChessBase"]
[SourceQuality "1"]
[TimeControl "5400+30"]

1. d4 Nf6 2. c4 e6 3. Nf3 Bb4+ 4. Bd2 a5 5. g3 d6 6. Bg2 Nbd7 7. O-O e5 8. a3 {[%emt 0:01:54] E11: Bogo-Indian.} Bxd2 9. Nbxd2 exd4 10. Nxd4 {[%emt 0:00:27] [#] White is slightly better.} O-O $146 ({Predecessor:} 10... a4 11. Qc2 O-O 12. e4 Re8 13. f4 c6 14. Rae1 Nc5 15. Kh1 Bd7 16. Qc3 Qa5 {0-1 Kouvatsos,F (2186)-Hracek,Z (2618) Paleochora op 10th 2017 (2)}) 11. Rc1 Ne5 12. Ne4 c6 13. b4 axb4 {[%emt 0:14:13] [#] And now ...Nxe4 would win.} 14. axb4 Re8 15. Nxf6+ Qxf6 16. b5 c5 17. Nf3 Ra2 18. Nd2 Bf5 (18... Qh6 $14 19. Nf3 Nd7) 19. Bxb7 $16 Ng4 20. h3 Qh6 21. hxg4 Rxd2 22. Qb3 (22. gxf5 $142 Rxd1 23. Rfxd1) 22... Bxg4 23. Bf3 Rdxe2 $2 {[%emt 0:14:21][%mdl 8192] [#] Loses the game.} (23... Bxf3 $16 24. Qxf3 (24. exf3 Rxf2 25. Rxf2 Qxc1+ 26. Rf1 Qh6 $15) 24... Qe6) 24. Bxg4 $18 Rxf2 25. Rxf2 (25. Kxf2 {gets mated.} Qh2+ 26. Kf3 Qe2+ 27. Kf4 Re4+ 28. Kg5 Qxg4#) 25... Qxc1+ 26. Kg2 Re1 27. Qf3 {[%emt 0:00:27] White mates.} Rg1+ 28. Kh2 f6 29. Qd5+ Kf8 30. Qxd6+ Kf7 31. Bh5+ g6 32. Qxf6+ {[%emt 0:00:06] Artfully played by Gurevich.   Weighted Error Value: White=0.11 (very precise) /Black=0.44} 1-0

[Event "Ramat Gan Masters-A Winter 2023"]
[Site "Ramat Gan/ISR"]
[Date "2023.02.13"]
[Round "4.7"]
[White "Kochavi, Dana"]
[Black "Tashkinova, Sofiia"]
[Result "0-1"]
[Annotator "TA"]
[ECO "C78"]
[WhiteElo "1956"]
[BlackElo "1928"]
[PlyCount "62"]
[EventDate "2023.01.17"]
[EventType "swiss"]
[SourceTitle "playchess.com"]
[Source "ChessBase"]
[SourceQuality "1"]
[TimeControl "5400+30"]

1. e4 e5 2. Nf3 Nc6 3. Bb5 a6 4. Ba4 Nf6 5. d3 b5 6. Bb3 Bc5 7. O-O d6 8. c3 h6 $1 {[%emt 0:02:52][%mdl 4] outshines the older 8...0-0.} 9. d4 {[%emt 0:06:05] C78: Ruy Lopez: Archangelsk and Möller Defences.} Bb6 10. h3 O-O (10... Nxe4 $2 11. Bd5 Bb7 12. Bxe4 $18) 11. d5 {[%emt 1:20:58] Black has an edge.} Ne7 {[%emt 0:00:52] [#]} 12. Qe2 $146 ({Predecessor:} 12. Re1 Ng6 13. Nh2 Bd7 14. Be3 Bxe3 15. Rxe3 Nf4 16. Nd2 Nh7 17. Ndf1 f5 18. exf5 Bxf5 {½-½ Petrenko,S (2183)-Zimina,O (2351) EU-ch (Women) 15th 2014 (3)}) 12... Nh7 13. a4 Rb8 14. axb5 axb5 15. Na3 Bd7 (15... Kh8 $1 $15) 16. Nc2 $11 f5 17. exf5 (17. Nxe5 $1 $14 {keeps the upper hand.} dxe5 18. d6+ Kh8 19. dxe7 Qxe7 20. exf5) 17... Nxf5 $17 {[%emt 0:01:47] White must now prevent ...Ng3.} 18. Ne3 {[%emt 0:00:00] [#]} Nh4 $1 19. Nxh4 Qxh4 20. Bc2 $2 {[%emt 0:00:00] This move loses the game for White.} (20. Bd1 $17) 20... Ng5 $19 {[%emt 0:04:10][%cal Of8f3] And now ...Rf3! would win.} 21. Ng4 $2 (21. f3 e4 22. Qf2 Nxh3+ 23. gxh3 Qg5+ 24. Qg2 (24. Kh1 $2 Rxf3 $19) 24... Bxe3+ 25. Kh2 Bxc1 26. Raxc1) 21... h5 {[%emt 0:05:37] Strongly threatening ...Nxh3+.} (21... Bxg4 22. Qxg4 (22. hxg4 $2 Nh3+ 23. gxh3 Qg3+ 24. Kh1 Qxh3+ 25. Kg1 Qg3+ 26. Kh1 Qh3+ 27. Kg1 Qg3+ 28. Kh1 Bxf2 $19) 22... Bxf2+ 23. Kh1 $17) 22. Bxg5 Qxg5 23. Ne3 Bxh3 {[%emt 0:02:11] aiming for ...Rf4.} 24. Qd3 Rf6 {[%emt 0:03:41] Wards off Qg6. Threatens to win with ...Bxe3.} (24... Bxe3 $2 25. Qh7+ Kf7 26. Bg6+ (26. fxe3+ Ke7 $15) 26... Ke7 27. Qxg7+ (27. fxe3 $2 Qxg2#) 27... Kd8 28. Qxf8+ Kd7 29. Qf3 (29. Qxb8 $2 Qxg2#) 29... Qxg2+ 30. Qxg2 $18) 25. Qxb5 $2 (25. Qh7+ Kf7 26. Kh1) 25... Rbf8 ({Weaker is} 25... Bxe3 26. Qxb8+ Rf8 27. Qxf8+ Kxf8 28. fxe3+ Ke7 29. Rf2 $11) 26. Kh1 Bxe3 {[%emt 0:05:33][%csl Gh3][%cal Rg5g2] Black mates.} ({Not} 26... Rxf2 27. Rxf2 Rxf2 28. gxh3 $11) 27. gxh3 {[%emt 0:00:00] [#]} Rf3 $1 28. Qd7 Qh4 29. Kg2 Rxf2+ 30. Rxf2 Qxf2+ 31. Kh1 Qxc2 {[%emt 0:00:19] Weighted Error Value: White=1.03/Black=0.42} 0-1

[Event "Ramat Gan Masters-A Winter 2023"]
[Site "Ramat Gan/ISR"]
[Date "2023.02.13"]
[Round "4.8"]
[White "Lapushnian, Maya"]
[Black "Duchan, Yoav"]
[Result "0-1"]
[Annotator "TA"]
[ECO "B27"]
[WhiteElo "1707"]
[BlackElo "1945"]
[PlyCount "52"]
[EventDate "2023.01.17"]
[EventType "swiss"]
[SourceTitle "playchess.com"]
[Source "ChessBase"]
[SourceQuality "1"]
[TimeControl "5400+30"]

1. e4 c5 2. Nc3 g6 3. d4 cxd4 4. Qxd4 Nf6 5. Nf3 Nc6 6. Qa4 d6 7. e5 dxe5 8. Nxe5 Bd7 {[%emt 0:02:49] B27: Sicilian: 2 Nf3, unusual Black 2nd moves.} 9. Nxd7 Qxd7 10. Be2 Bg7 {[%emt 0:02:46] The position is equal.} 11. Be3 O-O 12. Rd1 Qe6 13. O-O {[%emt 0:03:46] [#]} Qc8 $146 ({Predecessor:} 13... a6 14. h3 b5 15. Qb3 Qe5 16. Bf3 Rac8 17. Bxc6 Rxc6 18. Ne2 Rc4 19. c3 Qc7 {1-0 Al Tamimi,H (2186)-Kim,C (1846) Olympiad-41 Tromsoe 2014 (1.4)}) 14. h3 Kh8 15. Qh4 e5 (15... Kg8 $11) 16. Nb5 $16 Nd7 ({Better is} 16... Ne8) 17. Nd6 {[%emt 0:04:40] Black is weak on the light squares} Qc7 18. Bc4 Nf6 19. Bh6 $2 {[%emt 0:10:34] A strong pair of Bishops.} (19. Nb5 $18 Qe7 20. Bg5) 19... Ne8 (19... Nd4 $11 {keeps the balance.} 20. f4 (20. Bxg7+ Kxg7 21. Rxd4 exd4 $11) 20... Qxd6 21. fxe5 Ne2+ 22. Bxe2 Qxe5) 20. Nb5 Qc8 21. Nd6 (21. Rfe1 $14) 21... Nxd6 (21... Qc7 $5 22. Nb5 Qc8 $16) 22. Rxd6 (22. Bxg7+ $11 {was the only way to keep the balance.} Kxg7 23. Rxd6) 22... Bxh6 $17 23. Qxh6 {[%emt 0:09:41] [#]} Ne7 $1 24. Bd3 {[%emt 0:00:00] [#]} (24. Qg5 $17 {might work better.} Nf5 25. Bb3 (25. Qf6+ Kg8 $17) 25... Nxd6 26. Qxe5+ Kg8 27. Qxd6) 24... Qc7 $1 $19 25. Rf6 (25. Bxg6 fxg6 26. Qd2) 25... Ng8 $1 26. Qh4 Qe7 {[%emt 0:00:59][%mdl 64] Pin. Quite a comeback for Black.   Weighted Error Value: White=0.51/Black=0.17 (very precise)} ({Not} 26... Nxf6 $2 27. Qxf6+ Kg8 28. Re1 $19) 0-1

[Event "Ramat Gan Masters-A Winter 2023"]
[Site "Ramat Gan/ISR"]
[Date "2023.02.13"]
[Round "4.9"]
[White "Goz, Shachar"]
[Black "Malachi, Avraham"]
[Result "0-1"]
[Annotator "TA"]
[ECO "C28"]
[WhiteElo "1623"]
[BlackElo "1975"]
[PlyCount "52"]
[EventDate "2023.01.17"]
[EventType "swiss"]
[SourceTitle "playchess.com"]
[Source "ChessBase"]
[SourceQuality "1"]
[TimeControl "5400+30"]

1. e4 e5 2. Bc4 Bc5 3. d3 Nf6 4. Nc3 Nc6 5. f4 exf4 6. Bxf4 {[%emt 0:00:06] C28: Vienna Game: 2...Nf6 3 Bc4 Nc6.} O-O 7. Nf3 d6 8. Na4 (8. Qd2 $11) 8... Bd4 {[%emt 0:03:53] [#]} (8... d5 $5 9. Nxc5 dxc4 $11) 9. Nxd4 $146 ({Predecessor:} 9. c3 Nh5 10. Nxd4 Nxf4 11. O-O Nxd4 12. Rxf4 Ne6 13. Bxe6 fxe6 14. Rxf8+ Qxf8 15. c4 {0-1 Ramirez Aguado,A (1992)-Gomez Carreno,M (2070) ESP-ch U18 Salobrena 2020 (4)}) 9... Nxd4 10. O-O (10. Nc3 $11 {keeps the balance.}) 10... b5 $17 11. Be3 (11. Bg5 $17 bxa4 12. c3) 11... Bg4 $19 12. Qd2 Ne2+ 13. Kh1 bxc4 (13... bxa4 14. Bg5 $17) 14. Rae1 Qd7 15. Rxe2 $2 {[%emt 0:10:26] [#]} (15. b3 {might work better.}) 15... Bxe2 (15... Qxa4 $2 {loses.} 16. Ref2 $19) 16. Qxe2 cxd3 17. Qxd3 Qxa4 18. Rxf6 Rae8 ({Not} 18... gxf6 19. Bh6 Qa5 20. Qg3+ $16) 19. Rf4 Qxa2 20. h3 Qe6 21. Rg4 (21. Bd2 $142) 21... f5 {[%emt 0:00:00] Black is clearly winning.} 22. exf5 (22. Rf4 $142) 22... Qxe3 23. Qc4+ Rf7 {[%emt 0:00:00] aiming for ...Qf2.} 24. f6 Qe1+ 25. Kh2 Qe5+ 26. Kh1 Qxf6 {[%emt 0:00:00] Black took control after the opening.   Weighted Error Value: White=0.99/Black=0.16 (very precise)} 0-1

[Event "Ramat Gan Masters-A Winter 2023"]
[Site "Ramat Gan/ISR"]
[Date "2023.02.13"]
[Round "4.10"]
[White "Hasson Shreger, Shalev"]
[Black "Soybert, Ori"]
[Result "1/2-1/2"]
[Annotator "NA RC COMBH"]
[ECO "B30"]
[WhiteElo "1823"]
[BlackElo "1736"]
[PlyCount "105"]
[EventDate "2023.01.17"]
[EventType "swiss"]
[SourceTitle "playchess.com"]
[Source "ChessBase"]
[SourceQuality "1"]
[TimeControl "5400+30"]

1. e4 c5 2. Nf3 Nc6 3. Bb5 e5 4. O-O Bd6 5. d4 Nxd4 6. Bc4 Nf6 {[%emt 0:05:45] [#]} (6... Bc7 $11) 7. Ng5 $1 O-O 8. c3 Ne6 9. Qxd6 Nxg5 {[%emt 0:00:19] Remove Defender} 10. Bxg5 Nxe4 11. Bxd8 (11. Qxe5 $14 Nxg5 12. Qxc5) 11... Nxd6 12. Be7 Nxc4 13. Bxf8 Kxf8 14. b3 Nb6 15. c4 d5 16. cxd5 Nxd5 17. Nd2 Ke7 (17... f6 $15 {stays ahead.}) 18. Rfe1 (18. Rae1 $14) 18... f6 19. Nf1 Be6 20. Ne3 Nxe3 21. Rxe3 b5 22. Rae1 Bd5 23. Rh3 h6 24. Rg3 Rg8 25. Rd1 Ke6 26. Kf1 h5 27. Rgd3 Rd8 28. Ke1 Rd7 29. f3 g6 30. Rc3 Kd6 31. Kf2 Kc6 32. g4 h4 33. g5 f5 34. Re3 (34. b4 $5 Bc4 35. Rxd7 Kxd7 36. a3 $11) 34... Kd6 35. Rde1 e4 36. fxe4 fxe4 37. Rh3 Rf7+ 38. Ke2 Rf4 39. Rf1 {[%emt 0:02:15] [#]} Rg4 (39... Rxf1 $1 $17 40. Kxf1 c4) 40. Rf6+ Ke5 41. Rxg6 Rg2+ 42. Kf1 (42. Ke3 $17 {was worth a try.}) 42... Rxa2 43. Rg7 c4 44. bxc4 bxc4 45. Rc7 Kd4 46. g6 e3 47. Rd7 Ra1+ $14 48. Ke2 Ra2+ 49. Ke1 Ra1+ 50. Ke2 Ra2+ 51. Ke1 Ra1+ 52. Ke2 $11 Ra2+ 53. Ke1 1/2-1/2

[Event "Ramat Gan Masters-A Winter 2023"]
[Site "Ramat Gan/ISR"]
[Date "2023.02.13"]
[Round "4.11"]
[White "Weber, Yonatan"]
[Black "Shapira, Avner"]
[Result "1-0"]
[Annotator "NA RC COMBH"]
[ECO "A25"]
[WhiteElo "1527"]
[BlackElo "1814"]
[PlyCount "94"]
[EventDate "2023.01.17"]
[EventType "swiss"]
[SourceTitle "playchess.com"]
[Source "ChessBase"]
[SourceQuality "1"]
[TimeControl "5400+30"]

1. c4 e5 2. g3 d6 3. Bg2 g6 4. Nc3 Bg7 5. Nf3 f5 6. O-O Nc6 7. Rb1 a5 8. a3 Nf6 9. d3 Be6 10. b4 axb4 11. axb4 Qd7 12. Ng5 Bg8 13. b5 Nd8 14. Bb2 h6 15. Nf3 Bf7 16. Ra1 Rb8 17. Ba3 (17. e3 $14) 17... b6 18. Nd2 O-O 19. e3 Ne6 20. Qe2 g5 21. Nb3 Nc5 ({Black should play} 21... Bh5 $11 22. f3 Rbe8) 22. Rab1 (22. Nxc5 $14 dxc5 23. Bc6) 22... g4 23. d4 Nxb3 24. Rxb3 e4 25. Rb2 Nh7 26. Rc1 Ng5 27. c5 dxc5 28. dxc5 Qe7 29. Nb1 Ra8 30. cxb6 Rxa3 31. Rxc7 (31. Nxa3 $11 {was the only way to keep the balance.} Nf3+ 32. Bxf3 gxf3 33. Qd2 Qxa3 34. bxc7 Bxb2 35. c8=Q Rxc8 36. Rxc8+ Kh7 37. Qe1) 31... Qd6 $2 (31... Nf3+ $19 32. Bxf3 gxf3) 32. Nxa3 $11 Qxa3 (32... Bxb2 $11 {remains equal.} 33. Nc4 (33. Qxb2 $2 {leads to mate.} Qd1+ 34. Bf1 Nh3+ {[%mdl 64] Deflection} 35. Kh1 Qxf1#) 33... Bxc4 34. Qxc4+ Kh8) 33. Rbc2 Be5 $1 34. Rc8 Be6 (34... Bb3 $5 ) 35. R8c5 Rb8 36. Qd1 Nf7 37. Rc6 Bb3 38. Rc8+ (38. Qc1 $14 {is more appropriate.} Qxc1+ 39. Rxc1) 38... Kg7 39. Rxb8 Bxc2 40. Qxc2 Bxb8 41. Qc8 Qa1+ 42. Bf1 Qe5 43. Bc4 Nd6 $2 (43... Ng5 $11) 44. Qxb8 $2 (44. Qg8+ {mates} Kf6 45. Qh8+ {[%mdl 64] Skewer, Deflection, Double Attack} Kg6 46. Qxe5 Nxc4 47. Qxb8 Na5 48. Qa8 h5 49. Qxa5) 44... Nxc4 45. Qa7+ Kf6 $2 (45... Kg6 $11) 46. b7 Qd5 47. Qd4+ ({And not} 47. b8=B Qd1+ 48. Kg2 Kg6 $11) ({Less strong is} 47. Qa6+ Kf7 $18) 47... Qe5 1-0

[Event "Ramat Gan Masters-A Winter 2023"]
[Site "Ramat Gan/ISR"]
[Date "2023.02.20"]
[Round "5.1"]
[White "Uritsky, Yonathan"]
[Black "Noy, Eyal"]
[Result "1-0"]
[Annotator "TA"]
[ECO "B51"]
[WhiteElo "2047"]
[BlackElo "2117"]
[PlyCount "47"]
[EventDate "2023.01.17"]
[EventType "swiss"]
[SourceTitle "playchess.com"]
[Source "ChessBase"]
[SourceQuality "1"]
[TimeControl "5400+30"]

1. e4 c5 2. Nf3 d6 3. Bb5+ Nd7 4. O-O a6 5. Bd3 Ngf6 6. c3 {[%emt 0:00:07] B51: Sicilian: Moscow Variation (3 Bb5+) without 3...Bd7.} b5 7. a4 c4 8. Be2 {[%emt 0:01:44] White is slightly better.} Bb7 {[%emt 0:00:37] [#]} 9. axb5 $1 axb5 ({Less strong is} 9... Bxe4 10. bxa6 (10. Bxc4 axb5 {[%mdl 64] Discovered Attack} 11. Rxa8 Qxa8 $11) 10... Qc8 11. d3 Bxf3 12. Bxf3 (12. gxf3 Rxa6 13. Rxa6 Qxa6 $16) 12... Rxa6 13. Rxa6 Qxa6 14. dxc4) 10. Rxa8 Bxa8 11. Na3 Nxe4 ({Better is} 11... Qb8 $14) 12. Nxb5 $16 d5 {[%emt 0:01:24] [#]} 13. d3 $146 ({Predecessor:} 13. b3 cxb3 14. Qxb3 e6 15. Ba3 Ndc5 16. Qa2 Be7 17. d3 Nd6 18. Bxc5 Nxb5 19. Qa4 {1-0 Ostrovskiy,A (2453)-Yoo,C (2426) Charlotte CCCSA Spring GM 2019 (9)}) 13... cxd3 14. Bxd3 {[%emt 0:00:02] [#] Black must now prevent Bf4.} ({Don't take} 14. Qxd3 e5 $14) 14... g6 $2 (14... e5 $16) 15. Bf4 {[%emt 0:04:01] Threatens to win with Nc7+.} e5 16. Nxe5 ({Not} 16. Bxe5 Nxe5 17. Nxe5 Bg7 $16) 16... Qf6 $2 (16... Nxe5 17. Bxe5 f6 18. Nc7+ Ke7) 17. Nc7+ (17. Qa4 $142 Qd8 18. Nxd7 Kxd7 19. Bxe4) 17... Ke7 18. Nxd7 Qxf4 19. Nxa8 Kxd7 20. Bxe4 Qxe4 21. Re1 Qf5 22. Qa4+ {[%emt 0:00:04] White mates.} Kd6 23. Qa6+ Kd7 24. Qb7+ {[%emt 0:00:06] Black got outplayed after the opening.   Weighted Error Value: White=0.11 (very precise) /Black=0.81} 1-0

[Event "Ramat Gan Masters-A Winter 2023"]
[Site "Ramat Gan/ISR"]
[Date "2023.02.20"]
[Round "5.2"]
[White "Tashkinova, Sofiia"]
[Black "Chernomordik, Pavel"]
[Result "0-1"]
[Annotator "TA"]
[ECO "B06"]
[WhiteElo "1928"]
[BlackElo "2198"]
[PlyCount "186"]
[EventDate "2023.01.17"]
[EventType "swiss"]
[SourceTitle "playchess.com"]
[Source "ChessBase"]
[SourceQuality "1"]
[TimeControl "5400+30"]

1. e4 g6 2. d4 Bg7 3. Nc3 a6 4. Nf3 b5 5. Be3 Bb7 6. h4 {[%emt 0:07:09] B06: Modern Defence.} h5 7. Ng5 {[%emt 0:03:12] [#]} b4 $146 (7... e6 $14) ({Predecessor:} 7... e6 8. Bd3 d6 9. g4 hxg4 10. Qxg4 Nf6 11. Qg2 Qe7 12. O-O-O Nbd7 13. f3 Nb6 {0-1 Kollars,D (2622)-Nakamura,H (2736) Titled Tuesday intern op 09th Nov blitz 2021 (8)}) 8. Nd5 ({White should play} 8. Na4 $16) 8... Nf6 $14 9. Bc4 $40 {[%emt 0:04:57][%cal Bf1c4,Bc4d3,Bd3e2][%mdl 160] Strongly threatening Nxf6+. White has some attack.} e6 10. Nxf6+ Qxf6 11. c3 Qe7 12. Bd3 c5 13. O-O (13. dxc5 $6 bxc3 14. f4 cxb2 $11) 13... cxd4 14. cxd4 (14. Bxd4 f6 15. Nf3 O-O $14) 14... Nc6 15. Be2 e5 (15... O-O $14) 16. d5 Nd4 17. Rc1 O-O 18. f4 ({White should try} 18. Bc4 $1 $16) 18... Nxe2+ $1 $11 19. Qxe2 exf4 20. Rxf4 {[%emt 0:01:08] Hoping for Rc7.} f6 21. d6 (21. Nh3 $5 ) 21... Qe8 (21... Qxd6 $15 22. Qc4+ Bd5 23. Qxd5+ Qxd5 24. exd5 fxg5 25. Rxf8+ Rxf8 26. hxg5 Rf5 27. Rc8+ Kf7) 22. Qc4+ Kh8 23. Qxb4 Bc6 (23... Rb8 {with more complications.} 24. Ba7 a5 25. Qb6 Rc8) 24. Nh3 Rb8 25. Qd2 Bxe4 {[%emt 0:00:51] Black is weak on the dark squares} (25... Qe6 $11) 26. Rcf1 (26. Re1 $16 {And now Bd4 would win.} Bc6 27. Bd4) 26... Bf5 27. Rxf5 gxf5 28. Rxf5 Qg6 (28... Qe4 $5 29. Rxh5+ Kg8 $15) 29. Qd5 Rb5 (29... Rxb2 $2 30. Rxh5+ $18) 30. Bc5 Bh6 31. Qf3 {[%emt 0:03:01][%mdl 8192] [#] Dodges Be3+} (31. b4 $11) 31... Be3+ $1 $19 {[%emt 0:02:37][%mdl 576] Deflection} 32. Qxe3 Qxf5 33. b4 Rbb8 (33... Qb1+ $2 34. Kh2 $19) 34. Qh6+ Kg8 35. Qd2 Rbe8 36. Nf4 Re5 {[%emt 0:00:29] Inhibits Nd5.} 37. Bd4 Re4 38. Be3 Rfe8 39. Nd5 Qe5 40. Bf2 Kg7 41. Nc7 (41. Ne7 $142) 41... Rg8 {[%emt 0:00:29] ...Re2 is the strong threat.} 42. Qd3 Kh8 43. Qd2 Rg6 {[%emt 0:00:29] Dodges Qh6+. ...Qa1+ would be deadly.} 44. Nd5 Re2 {[%emt 0:00:44][%mdl 64] Deflection} 45. Qd3 Qe4 46. Qxe4 Rxe4 47. a4 f5 48. Bc5 Rc4 49. Nb6 Rc1+ 50. Kf2 {[%emt 0:00:03] [#]} a5 $1 {[%emt 0:00:36] aiming for ...Rc2+.} 51. Nxd7 (51. Bd4+ Kg8) 51... axb4 52. Bxb4 Kg8 $2 (52... Rg4 $19 {has better winning chances.} 53. Ne5 Rxb4) 53. Ne5 $17 Re6 54. d7 Rd1 $1 (54... Rxe5 55. d8=Q+ (55. d8=B $2 Rc2+ 56. Kf3 Re4 $19) 55... Kh7 56. Bf8 Rc2+ 57. Kg3 Re3+ 58. Kh2 $18) 55. Ba5 Red6 (55... Rxe5 $19 56. d8=Q+ Rxd8 57. Bxd8 Re8) 56. d8=Q+ Rxd8 57. Bxd8 Rxd8 {[%emt 0:00:04][%mdl 4096] Endgame KR-KN} 58. Nc6 {[%emt 0:00:56][%mdl 8192] Prevents Rd4.} (58. Ke3 $17) 58... Rd2+ 59. Kf3 Kf7 60. a5 Ra2 61. g3 $2 (61. Ne5+ Kf6 62. Nd3) 61... Ke6 62. Nd4+ Ke5 63. Nc6+ Kd6 64. Nd8 Kd7 (64... Rxa5 65. Nb7+ Ke6 66. Nxa5 $18) 65. Nb7 Kc6 66. Nd8+ Kc7 $2 (66... Kd6 $1 $19 67. Nf7+ Ke7) 67. Ne6+ $11 Kd6 $2 (67... Kd7 $11 68. Ng7 Rxa5 69. Nxh5 Ke6) 68. Nd8 $19 Ra4 (68... Rxa5 69. Nb7+ Ke5 70. Nxa5 $18) 69. Ke3 Kd7 (69... Rxa5 70. Nb7+ Ke5 71. Nxa5 $18) 70. Nb7 Kc7 $2 (70... Re4+ $19 71. Kf3 Rc4) 71. Nc5 $11 Rg4 ({Much weaker is} 71... Rxa5 $6 72. Ne6+ Kd6 73. Ng7 $17) 72. Kf3 Kd6 73. Nd3 Ra4 74. Nf4 Ra3+ (74... Rxa5 75. Nxh5 Ke6 76. Nf4+ Kf7 77. Ng2 $15) 75. Kg2 Rxa5 76. Nxh5 Ke5 77. Nf4 Ke4 78. Ne6 Ra2+ 79. Kh3 Kf3 {[%emt 0:00:26] Threatens to win with ...Ra4.} 80. Nd4+ Ke4 81. Ne6 $1 Ke5 82. Nf4 Ra3 83. Kg2 Ke4 84. Ne6 Rc3 85. Ng5+ Ke3 86. Ne6 Rc2+ 87. Kh3 Rc6 88. Nf4 Kf3 {[%emt 0:00:23] ( -> ...Rc1)} 89. Nd3 $2 {[%emt 0:00:22][%mdl 8192] [#] Dodges Rc1} (89. h5 $11) 89... Rc3 $1 $19 90. Nf4 Rc1 {[%emt 0:00:56][%cal Rc1h1] Black mates.} 91. Kh2 {[%emt 0:00:21] [#]} Kg4 $1 92. h5 Rc2+ {[%emt 0:00:07][%mdl 64] Deflection} 93. Kg1 Kxg3 {[%emt 0:00:16] A wild game.   Weighted Error Value: White=0.44/Black=0.13 (very precise)} 0-1